| TOP OF THE 1ST |
|
Greeneville Astros batting - Pitching for Texas (APP) Rangers : RHP Jim Canady
|
|
Pitching: RHP Jim Canady
|
|
|
Batting: RHB Jason Monico
|
0-0: Bunt missed! 0-1: Ball 1-1: Foul Ball, location: 2F 1-2: Ball 2-2: Strikes out swinging
|
|
Batting: RHB Jorge Gutierrez
|
0-0: Ball 1-0: Ball 2-0: Called Strike 2-1: Ball 3-1: Swinging Strike 3-2: SINGLE (Groundball, 4S, EV 99.4 MPH)
|
|
Batting: RHB Ryan Salas
|
0-0: Ball 1-0: Foul Ball, location: 2F 1-1: Ball 2-1: Called Strike 2-2: Foul Ball, location: 2F 2-2: Fly out, F9 (Flyball, 89D, EV 106.2 MPH)
|
|
Batting: RHB Ramon Castellon
|
0-0: Called Strike 0-1: Ball 1-1: Called Strike Jorge Gutierrez steals 2nd base 1-2: Strikes out looking
|
| Top of the 1st over - 0 runs, 1 hit, 0 errors, 1 left on base; Greeneville 0 - Texas (APP) 0 |
| BOTTOM OF THE 1ST |
|
Texas (APP) Rangers batting - Pitching for Greeneville Astros : LHP Jimmy Edlin
|
|
Pitching: LHP Jimmy Edlin
|
|
|
Batting: LHB Walter Vegter
|
0-0: Ball 1-0: Swinging Strike 1-1: Ball 2-1: Ball 3-1: Base on Balls
|
|
Batting: RHB David Redman
|
0-0: Ball 1-0: Ball 2-0: Foul Ball, location: 2F 2-1: Fly out, F5 (Flyball, 56D, EV 88.1 MPH)
|
|
Batting: RHB Robby Adair
|
0-0: Ball Walter Vegter is caught stealing 2nd base 2-4 1-0: SINGLE (Line Drive, 6D, EV 100.0 MPH)
|
|
Batting: RHB Ryan Pastore
|
0-0: Ball 1-0: Called Strike 1-1: Ball Robby Adair steals 2nd, throwing error, E2 Robby Adair to third 2-1: Foul Ball, location: 2F 2-2: 2-RUN HOME RUN (Flyball, 78XD, EV 104.4 MPH), Distance : 409 ft
|
|
Batting: LHB Tomoya Hashimoto
|
0-0: Ball 1-0: SINGLE (Groundball, 6MD, EV 95.0 MPH)
|
|
Batting: RHB Jay De Angelis
|
0-0: Ball 1-0: Ball 2-0: Foul Ball, location: 2F 2-1: Ball 3-1: Foul Ball, location: 2F 3-2: Foul Ball, location: 2F 3-2: Base on Balls Tomoya Hashimoto to second
|
|
Batting: RHB Rafael Tapia
|
0-0: Ball 1-0: Ball 2-0: Ball 3-0: Called Strike 3-1: Fielders Choice at 2nd, 6-4 (Groundball, 6, EV 78.8 MPH)
|
| Bottom of the 1st over - 2 runs, 3 hits, 1 error, 2 left on base; Greeneville 0 - Texas (APP) 2 |
| TOP OF THE 2ND |
|
Greeneville Astros batting - Pitching for Texas (APP) Rangers : RHP Jim Canady
|
|
Batting: LHB Josh Birkner
|
0-0: Ball 1-0: Foul Ball, location: 2F 1-1: Ball 2-1: Foul Ball, location: 2F 2-2: Fly out, F9 (Flyball, 9D, EV 101.9 MPH)
|
|
Batting: RHB Bruce Bermudez
|
0-0: Called Strike 0-1: DOUBLE (Line Drive, 9LM, EV 97.5 MPH)
|
|
Batting: LHB Kyle Moore
|
0-0: Swinging Strike 0-1: Ball 1-1: Swinging Strike 1-2: Foul Ball, location: 2F 1-2: Strikes out looking
|
|
Batting: LHB Ruben Rojas
|
0-0: Called Strike 0-1: Swinging Strike 0-2: Foul Ball, location: 2F 0-2: Fly out, F7 (Flyball, 7S, EV 93.8 MPH)
|
| Top of the 2nd over - 0 runs, 1 hit, 0 errors, 1 left on base; Greeneville 0 - Texas (APP) 2 |
| BOTTOM OF THE 2ND |
|
Texas (APP) Rangers batting - Pitching for Greeneville Astros : LHP Jimmy Edlin
|
|
Batting: SHB Mark Paquin
|
0-0: Called Strike 0-1: Ball 1-1: SOLO HOME RUN (Flyball, 9D, EV 97.5 MPH), Distance : 371 ft
|
|
Batting: SHB Albert Ortiz
|
0-0: Called Strike 0-1: Ball 1-1: Foul Ball, location: 2F 1-2: Strikes out swinging
|
|
Batting: LHB Walter Vegter
|
0-0: Ball 1-0: Bunt missed! 1-1: Foul Ball, location: 2F 1-2: Ball 2-2: Ball 3-2: Base on Balls
|
|
Batting: RHB David Redman
|
0-0: Ball 1-0: Foul Ball, location: 2F 1-1: Ball Walter Vegter steals 2nd base 2-1: Ball 3-1: Base on Balls
|
|
Batting: RHB Robby Adair
|
0-0: Swinging Strike 0-1: Swinging Strike 0-2: Strikes out looking
|
|
Batting: RHB Ryan Pastore
|
0-0: Foul Ball, location: 2F 0-1: Ball 1-1: SINGLE (Groundball, 34D, EV 95.6 MPH) Walter Vegter to third David Redman to second Runner from 3rd tries for Home, SAFE, throw by RF to home
|
|
Batting: LHB Tomoya Hashimoto
|
0-0: Ball 1-0: Ball 2-0: Ground out U3 (Groundball, 34, EV 83.8 MPH)
|
| Bottom of the 2nd over - 2 runs, 2 hits, 0 errors, 2 left on base; Greeneville 0 - Texas (APP) 4 |
| TOP OF THE 3RD |
|
Greeneville Astros batting - Pitching for Texas (APP) Rangers : RHP Jim Canady
|
|
Batting: RHB Guo-ning Chen
|
0-0: Ground out 6-3 (Groundball, 6, EV 85.6 MPH)
|
|
Batting: RHB Jason Monico
|
0-0: Ball 1-0: Ground out 5-3 (Groundball, 56S, EV 83.8 MPH)
|
|
Batting: RHB Jorge Gutierrez
|
0-0: Fly out, F7 (Flyball, 7, EV 82.5 MPH)
|
| Top of the 3rd over - 0 runs, 0 hits, 0 errors, 0 left on base; Greeneville 0 - Texas (APP) 4 |
| BOTTOM OF THE 3RD |
|
Texas (APP) Rangers batting - Pitching for Greeneville Astros : LHP Jimmy Edlin
|
|
Batting: RHB Jay De Angelis
|
0-0: Ball 1-0: Foul Ball, location: 2F 1-1: SOLO HOME RUN (Flyball, 7D, EV 98.8 MPH), Distance : 371 ft
|
|
Batting: RHB Rafael Tapia
|
0-0: DOUBLE (Line Drive, 78D, EV 108.1 MPH)
|
|
Pitching: RHP Jaquan Alston
|
|
|
Batting: SHB Mark Paquin
|
0-0: Called Strike 0-1: Swinging Strike 0-2: Ball 1-2: Ball 2-2: Ball 3-2: Ground out 4-3 (Groundball, 4M, EV 85.6 MPH) Rafael Tapia to third
|
|
Batting: SHB Albert Ortiz
|
0-0: Called Strike 0-1: 2-RUN HOME RUN (Flyball, 89XD, EV 105.0 MPH), Distance : 408 ft
|
|
Batting: LHB Walter Vegter
|
0-0: Fly out, F8 (Flyball, 8LXD, EV 103.1 MPH)
|
|
Batting: RHB David Redman
|
0-0: Called Strike 0-1: Foul Ball, location: 2F 0-2: Strikes out swinging
|
| Bottom of the 3rd over - 3 runs, 3 hits, 0 errors, 0 left on base; Greeneville 0 - Texas (APP) 7 |
| TOP OF THE 4TH |
|
Greeneville Astros batting - Pitching for Texas (APP) Rangers : RHP Jim Canady
|
|
Batting: RHB Ryan Salas
|
0-0: Ball 1-0: Ball 2-0: Called Strike 2-1: Called Strike 2-2: Foul Ball, location: 2F 2-2: Foul Ball, location: 2F 2-2: Fly out, F7 (Line Drive, 7, EV 83.1 MPH)
|
|
Batting: RHB Ramon Castellon
|
0-0: Called Strike 0-1: Foul Ball, location: 2F 0-2: Strikes out swinging
|
|
Batting: LHB Josh Birkner
|
0-0: Swinging Strike 0-1: Foul Ball, location: 2F 0-2: Strikes out swinging
|
| Top of the 4th over - 0 runs, 0 hits, 0 errors, 0 left on base; Greeneville 0 - Texas (APP) 7 |
| BOTTOM OF THE 4TH |
|
Texas (APP) Rangers batting - Pitching for Greeneville Astros : RHP Jaquan Alston
|
|
Batting: RHB Robby Adair
|
0-0: Ball 1-0: Called Strike 1-1: Swinging Strike 1-2: Ground out 4-3 (Groundball, 4S, EV 83.1 MPH)
|
|
Batting: RHB Ryan Pastore
|
0-0: SOLO HOME RUN (Flyball, 9LD, EV 94.4 MPH), Distance : 340 ft
|
|
Batting: LHB Tomoya Hashimoto
|
0-0: Ball 1-0: Called Strike 1-1: Ball 2-1: Ground out 4-3 (Groundball, 4D, EV 86.9 MPH)
|
|
Batting: RHB Jay De Angelis
|
0-0: Foul Ball, location: 2F 0-1: DOUBLE (Line Drive, 89XD, EV 106.2 MPH)
|
|
Batting: RHB Rafael Tapia
|
0-0: SINGLE (Line Drive, 4MD, EV 96.2 MPH) Jay De Angelis to third
|
|
Batting: SHB Mark Paquin
|
0-0: Ball 1-0: SINGLE (Groundball, 4MD, EV 102.5 MPH) Jay De Angelis scores Rafael Tapia to second
|
|
Batting: SHB Albert Ortiz
|
0-0: Ball 1-0: SINGLE (Line Drive, 6MD, EV 102.5 MPH) Rafael Tapia to third Mark Paquin to second
|
|
Batting: LHB Walter Vegter
|
0-0: Called Strike 0-1: Ball 1-1: Swinging Strike 1-2: Ball 2-2: Foul Ball, location: 2F 2-2: Fly out, F5 (Line Drive, 5, EV 71.9 MPH)
|
| Bottom of the 4th over - 2 runs, 5 hits, 0 errors, 3 left on base; Greeneville 0 - Texas (APP) 9 |
| TOP OF THE 5TH |
|
Greeneville Astros batting - Pitching for Texas (APP) Rangers : RHP Jim Canady
|
|
Batting: RHB Bruce Bermudez
|
0-0: Called Strike 0-1: Foul Ball, location: 2F 0-2: Foul Ball, location: 2F 0-2: Ball 1-2: Ball 2-2: Ground out U3 (Groundball, 3S, EV 82.5 MPH)
|
|
Batting: LHB Kyle Moore
|
0-0: Ball 1-0: Swinging Strike 1-1: SOLO HOME RUN (Flyball, 9LD, EV 96.9 MPH), Distance : 354 ft
|
|
Batting: LHB Ruben Rojas
|
0-0: Called Strike 0-1: Foul Ball, location: 2F 0-2: Ball 1-2: Foul Ball, location: 2F 1-2: Foul Ball, location: 2F 1-2: Strikes out swinging
|
|
Batting: RHB Guo-ning Chen
|
0-0: Called Strike 0-1: Foul Ball, location: 2F 0-2: Ball 1-2: Ball 2-2: Strikes out looking
|
| Top of the 5th over - 1 run, 1 hit, 0 errors, 0 left on base; Greeneville 1 - Texas (APP) 9 |
| BOTTOM OF THE 5TH |
|
Texas (APP) Rangers batting - Pitching for Greeneville Astros : RHP Jaquan Alston
|
|
Batting: RHB David Redman
|
0-0: Swinging Strike 0-1: Swinging Strike 0-2: Ball 1-2: Ball 2-2: Ball 3-2: SINGLE (Groundball, 56D, EV 98.8 MPH)
|
|
Batting: RHB Robby Adair
|
0-0: Foul Ball, location: 2F 0-1: Ball 1-1: Ball 2-1: Called Strike 2-2: Ball 3-2: Base on Balls David Redman to second
|
|
Batting: RHB Ryan Pastore
|
0-0: Ball 1-0: Foul Ball, location: 2F 1-1: Swinging Strike 1-2: Ball 2-2: Ball 3-2: Foul Ball, location: 2F 3-2: Foul Ball, location: 2F 3-2: Foul Ball, location: 2F 3-2: Base on Balls David Redman to third Robby Adair to second
|
|
Batting: LHB Tomoya Hashimoto
|
0-0: Foul Ball, location: 2F 0-1: GRAND SLAM HOME RUN (Flyball, 89XD, EV 97.5 MPH), Distance : 395 ft
|
|
Batting: RHB Jay De Angelis
|
0-0: Ball 1-0: Ball 2-0: Ball 3-0: Base on Balls
|
|
Batting: RHB Rafael Tapia
|
0-0: Ball 1-0: Ball 2-0: 2-RUN HOME RUN (Flyball, 78XD, EV 106.2 MPH), Distance : 422 ft
|
|
Batting: SHB Mark Paquin
|
0-0: Foul Ball, location: 2F 0-1: Ball 1-1: Ground out 4-3 (Groundball, 4, EV 86.9 MPH)
|
|
Batting: SHB Albert Ortiz
|
0-0: Ball 1-0: Called Strike 1-1: Fly out, F4 (Popup, 4, EV 57.5 MPH)
|
|
Batting: LHB Walter Vegter
|
0-0: Ball 1-0: Called Strike 1-1: Ball 2-1: Ball 3-1: Called Strike 3-2: Base on Balls
|
|
Batting: RHB David Redman
|
0-0: Foul Ball, location: 2F 0-1: DOUBLE (Flyball, 8LXD, EV 101.9 MPH) Walter Vegter to third Runner from 3rd tries for Home, SAFE, no throw by CF
|
|
Batting: RHB Robby Adair
|
0-0: Ball 1-0: SINGLE (Groundball, 5S, EV 76.9 MPH) (infield hit) David Redman to third
|
|
Batting: RHB Ryan Pastore
|
0-0: SINGLE (Flyball, 4MD, EV 96.2 MPH) David Redman scores Robby Adair to second
|
|
Batting: LHB Tomoya Hashimoto
|
0-0: DOUBLE (Line Drive, 78M, EV 103.1 MPH) Robby Adair scores Ryan Pastore to third
|
|
Batting: RHB Jay De Angelis
|
0-0: Called Strike 0-1: Reached on error, E9 (Flyball, 9LM, EV 82.5 MPH) Ryan Pastore scores Tomoya Hashimoto scores
|
|
Batting: RHB Rafael Tapia
|
0-0: Ground out 6-3 (Groundball, 6, EV 84.4 MPH)
|
| Bottom of the 5th over - 11 runs, 7 hits, 1 error, 1 left on base; Greeneville 1 - Texas (APP) 20 |
| TOP OF THE 6TH |
|
Greeneville Astros batting - Pitching for Texas (APP) Rangers : RHP Jim Canady
|
|
Batting: RHB Jason Monico
|
0-0: Ball 1-0: Ground out 5-3 (Groundball, 56S, EV 61.2 MPH)
|
|
Batting: RHB Jorge Gutierrez
|
0-0: Ball 1-0: Foul Ball, location: 2F 1-1: Fly out, F8 (Line Drive, 8RM, EV 98.1 MPH)
|
|
Batting: RHB Ryan Salas
|
0-0: Ball 1-0: Ground out U3 (Groundball, 3S, EV 78.8 MPH)
|
| Top of the 6th over - 0 runs, 0 hits, 0 errors, 0 left on base; Greeneville 1 - Texas (APP) 20 |
| BOTTOM OF THE 6TH |
|
Texas (APP) Rangers batting - Pitching for Greeneville Astros : RHP Jaquan Alston
|
|
Batting: SHB Mark Paquin
|
0-0: Ball 1-0: SINGLE (Line Drive, 8LS, EV 105.0 MPH)
|
|
Batting: SHB Albert Ortiz
|
0-0: 2-RUN HOME RUN (Line Drive, 9D, EV 99.4 MPH), Distance : 380 ft
|
|
Batting: LHB Walter Vegter
|
0-0: Called Strike 0-1: Ground out 6-3 (Groundball, 6, EV 80.0 MPH)
|
|
Batting: RHB David Redman
|
0-0: Called Strike 0-1: DOUBLE (Groundball, 5L, EV 111.2 MPH)
|
|
Batting: RHB Robby Adair
|
0-0: Ball 1-0: Ball 2-0: Called Strike 2-1: Ground out 4-3 (Groundball, 4, EV 91.2 MPH) David Redman to third
|
|
Batting: RHB Ryan Pastore
|
0-0: Ball 1-0: Ball 2-0: Ball 3-0: Called Strike 3-1: Foul Ball, location: 2F 3-2: Base on Balls
|
|
Batting: LHB Tomoya Hashimoto
|
0-0: Ball 1-0: SINGLE (Groundball, 56D, EV 106.2 MPH) David Redman scores Ryan Pastore to second
|
|
Batting: RHB Jay De Angelis
|
0-0: 3-RUN HOME RUN (Flyball, 78XD, EV 98.1 MPH), Distance : 398 ft
|
|
Batting: RHB Rafael Tapia
|
0-0: Called Strike 0-1: SOLO HOME RUN (Flyball, 78XD, EV 104.4 MPH), Distance : 412 ft
|
|
Batting: SHB Mark Paquin
|
0-0: Ball 1-0: Fly out, F7 (Flyball, 7LD, EV 101.2 MPH)
|
| Bottom of the 6th over - 7 runs, 6 hits, 0 errors, 0 left on base; Greeneville 1 - Texas (APP) 27 |
| TOP OF THE 7TH |
|
Greeneville Astros batting - Pitching for Texas (APP) Rangers : RHP Jim Canady
|
|
Batting: RHB Ramon Castellon
|
0-0: Swinging Strike 0-1: Swinging Strike 0-2: Strikes out swinging
|
|
Batting: LHB Josh Birkner
|
0-0: Called Strike 0-1: Ball 1-1: SOLO HOME RUN (Flyball, 89XD, EV 96.9 MPH), Distance : 392 ft
|
|
Batting: RHB Bruce Bermudez
|
0-0: Swinging Strike 0-1: Hit by Pitch
|
|
Batting: LHB Kyle Moore
|
0-0: Ball Bruce Bermudez steals 2nd base (no throw) 1-0: SINGLE (Line Drive, 78S, EV 108.1 MPH) Bruce Bermudez to third
|
|
Batting: LHB Ruben Rojas
|
0-0: Called Strike 0-1: Foul Ball, location: 2F 0-2: Foul Ball, location: 2F 0-2: Strikes out swinging
|
|
Batting: RHB Guo-ning Chen
|
0-0: Swinging Strike 0-1: Ball 1-1: Foul Ball, location: 2F 1-2: Strikes out swinging
|
| Top of the 7th over - 1 run, 2 hits, 0 errors, 2 left on base; Greeneville 2 - Texas (APP) 27 |
| BOTTOM OF THE 7TH |
|
Texas (APP) Rangers batting - Pitching for Greeneville Astros : RHP Jaquan Alston
|
|
Batting: SHB Albert Ortiz
|
0-0: Ball 1-0: Ball 2-0: Ball 3-0: Swinging Strike 3-1: Base on Balls
|
|
Batting: LHB Walter Vegter
|
0-0: Fly out, F8 (Line Drive, 8LM, EV 95.6 MPH)
|
|
Batting: RHB David Redman
|
0-0: Ball 1-0: Ball 2-0: Called Strike 2-1: Ball 3-1: Base on Balls Albert Ortiz to second
|
|
Batting: RHB Robby Adair
|
0-0: SINGLE (Groundball, 6D, EV 98.1 MPH) Albert Ortiz to third David Redman to second
|
|
Batting: RHB Ryan Pastore
|
0-0: Ball 1-0: Called Strike 1-1: Swinging Strike 1-2: Strikes out swinging
|
|
Batting: LHB Tomoya Hashimoto
|
0-0: Ball 1-0: Foul Ball, location: 2F 1-1: Foul Ball, location: 2F 1-2: Ball 2-2: Ball 3-2: Base on Balls Albert Ortiz scores David Redman to third Robby Adair to second
|
|
Batting: RHB Jay De Angelis
|
0-0: Ball 1-0: Swinging Strike 1-1: Foul Ball, location: 2F 1-2: Ground out 5-3 (Groundball, 56S, EV 72.5 MPH)
|
| Bottom of the 7th over - 1 run, 1 hit, 0 errors, 3 left on base; Greeneville 2 - Texas (APP) 28 |
| TOP OF THE 8TH |
|
Greeneville Astros batting - Pitching for Texas (APP) Rangers : RHP Jim Canady
|
|
Batting: RHB Jason Monico
|
0-0: Ball 1-0: Ball 2-0: Called Strike 2-1: Fly out, F4 (Popup, 4S, EV 70.6 MPH)
|
|
Batting: RHB Jorge Gutierrez
|
0-0: Ball 1-0: Ball 2-0: Swinging Strike 2-1: Swinging Strike 2-2: Strikes out swinging
|
|
Batting: RHB Ryan Salas
|
0-0: Foul Ball, location: 2F 0-1: Ball 1-1: Called Strike 1-2: Ball 2-2: Foul Ball, location: 2F 2-2: Foul Ball, location: 2F 2-2: Foul Ball, location: 2F 2-2: Strikes out swinging
|
| Top of the 8th over - 0 runs, 0 hits, 0 errors, 0 left on base; Greeneville 2 - Texas (APP) 28 |
| BOTTOM OF THE 8TH |
|
Texas (APP) Rangers batting - Pitching for Greeneville Astros : RHP Jaquan Alston
|
|
Batting: RHB Rafael Tapia
|
0-0: Ground out 6-3 (Groundball, 6, EV 101.2 MPH)
|
|
Batting: SHB Mark Paquin
|
0-0: Ball 1-0: Swinging Strike 1-1: SINGLE (Groundball, 56S, EV 75.0 MPH) (infield hit)
|
|
Batting: SHB Albert Ortiz
|
0-0: Ball 1-0: Swinging Strike 1-1: Ball 2-1: Fly out, F9 (Flyball, 89XD, EV 86.2 MPH)
|
|
Batting: LHB Walter Vegter
|
0-0: SINGLE (Groundball, 6D, EV 101.2 MPH) Mark Paquin to second
|
|
Batting: RHB David Redman
|
0-0: Foul Ball, location: 2F 0-1: SINGLE (Flyball, 89S, EV 91.2 MPH) Mark Paquin to third Walter Vegter to second
|
|
Batting: RHB Robby Adair
|
0-0: Called Strike 0-1: Fly out, F4 (Popup, 13, EV 74.4 MPH)
|
| Bottom of the 8th over - 0 runs, 3 hits, 0 errors, 3 left on base; Greeneville 2 - Texas (APP) 28 |
| TOP OF THE 9TH |
|
Greeneville Astros batting - Pitching for Texas (APP) Rangers : RHP Jim Canady
|
|
Batting: RHB Ramon Castellon
|
0-0: Called Strike 0-1: Swinging Strike 0-2: Ball 1-2: Foul Ball, location: 2F 1-2: Fly out, F4 (Popup, 4, EV 63.8 MPH)
|
|
Pitching: LHP Andy Huguet
|
|
|
Batting: LHB Josh Birkner
|
0-0: Called Strike 0-1: Ball 1-1: SINGLE (Groundball, 34D, EV 96.2 MPH)
|
|
Batting: RHB Bruce Bermudez
|
0-0: Hit by Pitch Josh Birkner to second
|
|
Batting: LHB Kyle Moore
|
0-0: Swinging Strike 0-1: Foul Ball, location: 2F 0-2: Foul Ball, location: 2F 0-2: Ball 1-2: Foul Ball, location: 2F 1-2: Strikes out swinging
|
|
Batting: LHB Ruben Rojas
|
0-0: Called Strike 0-1: Ball 1-1: Called Strike 1-2: Strikes out swinging
|
| Top of the 9th over - 0 runs, 1 hit, 0 errors, 2 left on base; Greeneville 2 - Texas (APP) 28 |
|